Map: King's Cove LE

Players

Nerchio - Winner!

  • Race: Zerg Zerg
  • Spawn Location: 5:00

SouLeer

  • Race: Zerg Zerg
  • Spawn Location: 11:00

Event: 2019 WCS Summer

VOD

Have the link to the VOD?

Description

Time

  • Played on: July 12, 2019, 6:23 a.m.
  • Length: 10:30

All games in this series

Show
View Real Time Build Order
Export as new Build Order

Nerchio Zerg - Winner!

Build Orders: Hatch First, Zergling Baneling 

Get SALT Encoding   

  12  0:01  Drone  
  13  0:12  Overlord  
  13  0:17  Drone  
  14  0:31  Drone x2  
  16  0:49  Hatchery  
  15  0:53  Drone  
  15  0:56  Drone  
  17  1:00  Drone  
  18  1:10  Extractor  
  17  1:16  Spawning Pool  
  16  1:19  Drone  
  16  1:22  Drone  
  18  1:28  Drone  
  19  1:40  Drone  
  20  1:50  Overlord  
  20  2:02  Queen  
  20  2:03  Zergling x2, Queen  
  20  2:05  Zergling x2  
  26  2:11  Metabolic Boost  
  26  2:15  Drone  
  27  2:23  Zergling x2  
  27  2:24  Drone x2  
  30  2:33  Drone x2  
  32  2:38  Queen  
  34  2:46  Zergling x2, Baneling Nest  
  34  2:52  Overlord  
  34  3:01  Drone x2  
  36  3:15  Zergling x2  
  36  3:16  Zergling x12  
  42  3:28  Drone  
  42  3:30  Overlord  
  43  3:42  Evolution Chamber  
  43  3:43  Hatchery  
  43  3:45  Baneling x2  
  43  3:46  Baneling  
  42  3:48  Drone  
  42  3:51  Drone  
  42  3:53  Drone  
  44  3:56  Drone  
  44  3:58  Drone  
  44  4:00  Drone  
  46  4:03  Drone  
  46  4:06  Drone  
  49  4:10  Drone  
  48  4:17  Overlord  
  48  4:20  Zerg Missile Weapons Level 1, Drone  
  48  4:27  Zergling x2, Overlord  
  48  4:28  Zergling x2  
  50  4:33  Baneling x4  
  50  4:37  Zergling x6  
  52  4:46  Zergling x10  
  54  4:57  Drone x2, Roach Warren  
  54  4:58  Baneling, Evolution Chamber  
  54  4:59  Baneling  
  54  5:02  Drone x2  
  54  5:04  Drone  
  54  5:05  Drone  
  58  5:08  Drone  
  58  5:13  Drone x3  
  62  5:17  Drone x2  
  64  5:24  Lair  
  64  5:27  Queen  
  66  5:29  Extractor  
  66  5:30  Drone, Extractor  
  65  5:42  Overlord  
  64  5:43  Drone x2  
  64  5:45  Drone x5  
  68  5:50  Drone  
  68  5:52  Overlord  
  68  5:56  Drone  
  70  6:00  Drone x2  
  70  6:01  Baneling, Drone  
  70  6:03  Drone x2  
  70  6:04  Extractor  
  71  6:08  Drone x2  
  71  6:09  Drone  
  73  6:11  Extractor  
  73  6:14  Drone  
  73  6:15  Extractor  
  73  6:17  Drone  
  73  6:18  Drone  
  74  6:21  Drone, Hatchery  
  74  6:25  Glial Reconstitution, Zerg Missile Weapons Level 2  
  74  6:32  Drone x3  
  77  6:34  Drone  
  77  6:35  Drone, Roach x2  
  83  6:43  Roach x3  
  83  6:44  Overlord  
  83  6:45  Overlord  
  89  6:48  Pneumatized Carapace  
  89  6:58  Roach  
  88  7:03  Zerg Ground Armor Level 1, Roach x5  
  88  7:05  Roach  
  99  7:10  Roach x3  
  99  7:14  Overlord x2  
  105  7:26  Overlord x3  
  105  7:31  Overseer  
  105  7:35  Roach  
  105  7:36  Roach x6  
  119  7:42  Roach x4  
  127  7:50  Roach  
  127  7:51  Roach x4  
  137  7:54  Roach x2  
  137  7:56  Roach  
  143  7:59  Overlord  
  143  8:00  Overlord  
  143  8:07  Ravager x2  
  143  8:11  Roach x3  
  153  8:20  Roach x8  
  153  8:25  Overlord x2  
  167  8:37  Overlord x4  
  167  8:45  Roach x6  
  179  8:50  Ravager x3  
  182  8:57  Roach x5  
  192  9:05  Roach  
  192  9:06  Roach x2  
  198  9:10  Overseer  
  198  9:15  Roach  
  198  9:23  Roach  
  198  9:27  Roach  
  198  9:28  Roach x5  
  198  9:30  Roach x2  
  198  9:31  Roach  
  198  9:33  Roach  
  198  9:35  Roach  
  198  9:37  Roach  
  198  9:38  Roach x3  
  194  9:39  Roach  
  194  9:40  Roach x2  
  194  9:43  Roach x2  
  190  9:45  Roach  
  190  9:46  Roach  
  190  9:51  Roach  
  190  9:52  Roach x2  
  197  9:56  Roach x2  
  197  9:57  Roach  
  187  10:03  Roach x3  
  187  10:06  Roach x2  
  181  10:07  Roach  
  181  10:10  Roach  
Show
View Real Time Build Order
Export as new Build Order

SouLeer Zerg 

Build Orders: Pool First 

Get SALT Encoding   

  12  0:00  Drone  
  13  0:12  Overlord  
  13  0:18  Drone  
  14  0:31  Drone x2  
  16  0:35  Extractor  
  16  0:36  Drone  
  16  0:50  Spawning Pool  
  16  0:51  Drone  
  16  0:57  Drone  
  17  1:18  Hatchery  
  17  1:23  Drone  
  17  1:37  Queen  
  19  1:42  Metabolic Boost  
  19  1:46  Drone  
  20  1:50  Drone  
  21  1:56  Overlord  
  21  2:02  Zergling x2  
  22  2:14  Queen  
  24  2:15  Zergling x2  
  24  2:19  Zergling x2  
  26  2:31  Drone x2  
  28  2:41  Drone x2  
  30  2:50  Drone  
  31  2:55  Hatchery  
  31  2:57  Baneling Nest  
  29  2:59  Zergling x2  
  29  3:03  Drone  
  31  3:06  Drone  
  31  3:09  Zergling x2  
  34  3:12  Zergling x2  
  34  3:16  Overlord  
  34  3:21  Drone x2  
  36  3:29  Overlord  
  36  3:35  Zergling x8  
  36  3:39  Zergling x4  
  41  3:43  Baneling x2  
  41  3:44  Baneling  
  41  3:48  Zergling x4  
  43  3:53  Zergling x4  
  45  3:59  Baneling  
  44  4:04  Drone x3  
  44  4:06  Drone x2  
  44  4:07  Baneling  
  49  4:11  Zergling x4  
  49  4:18  Drone x2  
  49  4:20  Zergling x4  
  49  4:22  Baneling  
  51  4:30  Queen  
  53  4:34  Drone, Evolution Chamber  
  53  4:36  Drone  
  53  4:37  Drone  
  55  4:40  Drone x2  
  55  4:45  Overlord  
  57  4:48  Overlord  
  57  4:53  Drone  
  57  4:56  Overlord  
  57  4:58  Extractor  
  56  5:01  Baneling  
  56  5:04  Drone x4  
  60  5:08  Drone x2  
  60  5:12  Drone x2  
  60  5:13  Drone  
  65  5:16  Drone x2  
  67  5:22  Drone x3  
  67  5:27  Zerg Missile Weapons Level 1, Extractor  
  69  5:39  Drone x4  
  69  5:40  Drone x5  
  75  5:49  Drone x3  
  71  5:51  Lair  
  71  5:57  Extractor, Overlord  
  71  5:59  Drone x3, Extractor  
  71  6:00  Drone  
  73  6:09  Roach Warren  
  72  6:12  Drone x2  
  72  6:13  Overlord x2  
  72  6:15  Baneling x3  
  74  6:24  Overlord  
  74  6:28  Queen  
  74  6:32  Drone x4  
  80  6:34  Drone  
  81  6:44  Hatchery, Overlord  
  80  6:50  Overlord  
  74  7:06  Roach x10  
  74  7:07  Glial Reconstitution  
  93  7:10  Overlord  
  93  7:12  Roach x3  
  93  7:14  Pneumatized Carapace  
  99  7:17  Roach  
  99  7:19  Roach  
  105  7:22  Roach  
  105  7:23  Overlord  
  105  7:24  Zerg Missile Weapons Level 2  
  105  7:29  Roach  
  107  7:31  Overseer  
  107  7:32  Roach  
  107  7:36  Roach  
  107  7:37  Roach x3  
  117  7:41  Overlord  
  117  7:42  Roach x2  
  121  7:47  Roach x3  
  121  7:49  Roach  
  129  7:52  Roach x2  
  129  7:57  Nydus Network  
  132  8:00  Queen  
  132  8:02  Roach x2  
  138  8:06  Roach x2  
  138  8:11  Roach x3  
  146  8:20  Roach x2  
  146  8:23  Overlord  
  146  8:25  Roach x2  
  146  8:26  Overlord  
  148  8:28  Roach  
  148  8:29  Ravager  
  148  8:30  Ravager x2, Overlord  
  148  8:31  Roach  
  148  8:32  Roach  
  151  8:38  Overlord  
  151  8:41  Overlord  
  151  8:43  Roach x3  
  151  8:44  Ravager  
  151  8:46  Roach x2  
  162  8:51  Roach x3  
  162  8:55  Roach x2  
  172  8:56  Nydus Canal  
  172  9:02  Roach x3  
  178  9:05  Roach x2  
  182  9:16  Roach  
  184  9:17  Roach x2  
  180  9:24  Overlord  
  180  9:27  Roach x3  
  173  9:31  Roach x2  
  173  9:34  Roach x5  
  173  9:38  Roach x5  
  160  9:40  Roach  
  160  9:42  Roach  
  143  9:46  Roach x2  
  143  9:49  Roach x2  
  136  9:54  Roach x2  
  136  9:56  Roach x2  
Tags
 
Add a new tag
Caveats
  • Supply blocks, unpowered buildings, or Contaminate may cause inaccurate times.
  • Supply counts are checked every 10 seconds.